 Dungeon Crawl Stone Soup version 0.22.0-1-g6561e4c (webtiles) character file.

347 HaroldButt the Firebug (level 6, 0/28 HPs)
             Began as a Vine Stalker Fire Elementalist on Aug 12, 2018.
             Was a Follower of Vehumet.
             Succumbed to a worker ant's poison
             ... on level 4 of the Dungeon.
             The game lasted 00:15:12 (2791 turns).

HaroldButt the Firebug (VSFE)                       Turns: 2791, Time: 00:15:13

Health: 0/28       AC:  2    Str: 10    XL:     6   Next: 59%
Magic:  0/13       EV: 12    Int: 19    God:    Vehumet [*.....]
Gold:   111        SH:  0    Dex: 15    Spells: 3/13 levels left

rFire    + . .     SeeInvis .   h - +1 dagger (pain)
rCold    + . .     Gourm    .   (no shield)
rNeg     . . .     Faith    .   a - +0 robe
rPois    +         Spirit   +   (no helmet)
rElec    +         Reflect  .   (no cloak)
rCorr    +         Harm     .   (no gloves)
MR       .....                  (no boots)
Stlth    ++........             (no amulet)
HPRegen  0.49/turn              (no ring)
MPRegen  0.13/turn              e - +2 ring of intelligence

@: lethally poisoned (0 -> -4), resistant, flying
A: fangs 2, regeneration 1, magic shield, antimagic bite, no potion heal 3, rot
immunity
a: Renounce Religion


You were on level 4 of the Dungeon.
You worshipped Vehumet.
Vehumet was aware of your devotion.
You were not hungry.

You visited 1 branch of the dungeon, and saw 4 of its levels.

You collected 111 gold pieces.


Innate Abilities, Weirdness & Mutations

You have extremely sharp teeth.
Your natural rate of healing is unusually fast.
When hurt, damage is shared between your health and your magic reserves.
Your bite disrupts and absorbs the magic of your enemies.
Potions cannot restore your health.
You are immune to rotting.


   Skills:
 - Level 1.5 Dodging
 - Level 2.4 Stealth
 - Level 4.1 Spellcasting
 - Level 3.0 Conjurations
 + Level 5.4 Fire Magic


You had 3 spell levels left.
You knew the following spells:

 Your Spells              Type           Power        Failure   Level  Hunger
c - Sticky Flame          Conj/Fire      ###.....     24%         4    ####...
x - Throw Flame           Conj/Fire      ###...       3%          2    ##.....
z - Flame Tongue          Conj/Fire      ###..        2%          1    None
Z - Conjure Flame         Conj/Fire      ###.....     7%          3    ###....

Your spell library contained the following spells:

 Spells                   Type           Power        Failure   Level  Hunger
 Fireball                 Conj/Fire      ###.......   54%         5    ######.
 Inner Flame              Hex/Fire       ##......     14%         3    ###....

Inventory:

Hand Weapons
 h - a +1 dagger of pain (weapon)
Armour
 a - a +0 robe (worn)
 t - a +0 cloak
Jewellery
 e - a +2 ring of intelligence (right hand)
Scrolls
 d - 2 scrolls of fear
 g - a scroll of immolation {!r}
 i - 2 scrolls of remove curse
Potions
 l - a potion of mutation {!q}
 q - a potion of agility
Comestibles
 c - 6 rations

Dungeon Overview and Level Annotations

Branches:
Dungeon (4/15)
 Temple: D:4-7

Altars:
Hepliaklqana
Ru
Vehumet

Annotations:
D:2 Sigmund
D:3 Natasha

.....†.<..▒
▒▒▒▒▒▒▒▒▒.▒
▒▒▒▒▒▒▒▒▒▒▒▒ ▒.▒
▒........... ▒.▒
▒>▒▒▒▒▒▒▒▒▒▒ ▒[▒
▒.▒ ▒ . ▒.▒ ▒.▒
.. ...▒▒▒▒▒▒▒.▒
▒.▒ ▒.▒▒
........▒▒.▒▒▒▒.▒
▒ ▒#
........Bf......▒
▒#
▒▒.▒▒▒▒.▒▒...▒▒▒▒
▒ ▒.▒.▒▒▒.▒ ▒..▒
▒.. .... .▒▒
▒▒..▒ ▒ ▒.▒. ▒.▒▒


You could see a worker ant.


Message History

The worker ant poisons you!
You hit the worker ant but do no damage.
The worker ant is severely wounded.
You feel sick. The worker ant misses you. The worker ant bites you.
* * * LOW HITPOINT WARNING * * *
You are lethally poisoned!
The worker ant poisons you!
It was a potion of flight.
You feel very buoyant.
You fly up into the air.
* * * LOW HITPOINT WARNING * * *
You feel sick. The worker ant barely misses you.
It was a potion of heal wounds.
That seemed strangely inert.
* * * LOW HITPOINT WARNING * * *
You feel sick. The worker ant barely misses you.
It was a potion of resistance.
You feel protected.
* * * LOW HITPOINT WARNING * * *
You feel sick. The worker ant barely misses you.
Cast which spell? (? or * to list)
You don't have enough magic to cast that spell.
You closely miss the worker ant.
The worker ant is severely wounded.
You die...

Action                   |  1- 3 |  4- 6 || total
-------------------------+-------+-------++-------
Melee: Dagger            |    20 |    44 ||    64
       Bite              |     1 |    11 ||    12
 Cast: Flame Tongue      |    59 |    85 ||   144
       Conjure Flame     |       |     2 ||     2
  Use: Scroll            |       |    10 ||    10
       Potion            |       |     3 ||     3
 Stab: Sleeping          |     5 |     3 ||     8
       Paralysed         |       |     1 ||     1
  Eat: Chunk             |     3 |     3 ||     6
Armor: Robe              |    24 |    13 ||    37
Dodge: Dodged            |    46 |    56 ||   102

Vault maps used:
D:1:      minmay_arrival_loop
D:2:      wad_woods_stonehenge, nicolae_ru_great_annihilating_truth,
          hangedman_decor_riveting, serial_park_tiny_pond,
          kennysheep_generic_room_13, uniq_sigmund, uniq_crazy_yiuf_cottage
D:3:      lemuel_crystal_altar, lemuel_doored_altar, uniq_natasha
D:4:      first_ration, cheibrodos_sewer_entry_drain, grunt_ministairs_4,
          item_on_display_a, uniq_edmund

Notes
Turn   | Place    | Note
-------+----------+-------------------------------------------
     0 | D:1      | HaroldButt the Vine Stalker Fire Elementalist began the quest for the Orb.
     0 | D:1      | Reached XP level 1. HP: 9/9 MP: 4/4
   178 | D:1      | Reached skill level 2 in Conjurations
   178 | D:1      | Reached XP level 2. HP: 9/13 MP: 1/6
   570 | D:1      | Learned a level 2 spell: Throw Flame
   632 | D:1      | Reached XP level 3. HP: 16/16 MP: 4/7
   637 | D:1      | Learned a level 3 spell: Conjure Flame
   850 | D:1      | Reached skill level 3 in Conjurations
  1133 | D:2      | Noticed Sigmund
  1427 | D:2      | Found a hazy altar of Hepliaklqana.
  1590 | D:2      | Reached skill level 3 in Spellcasting
  1614 | D:2      | Gained mutation: Your natural rate of healing is unusually fast. [Vine Stalker growth]
  1614 | D:2      | Reached XP level 4. HP: 16/21 MP: 0/9
  1773 | D:2      | Found a sacrificial altar of Ru.
  2092 | D:3      | Found a radiant altar of Vehumet.
  2096 | D:3      | Became a worshipper of Vehumet
  2115 | D:3      | Reached skill level 4 in Spellcasting
  2115 | D:3      | Reached XP level 5. HP: 24/24 MP: 1/12
  2504 | D:3      | Reached skill level 4 in Fire Magic
  2612 | D:3      | Noticed Natasha
  2684 | D:4      | Reached * piety under Vehumet
  2684 | D:4      | Offered knowledge of Freeze by Vehumet.
  2684 | D:4      | Reached XP level 6. HP: 28/28 MP: 3/13
  2694 | D:4      | Learned a level 4 spell: Sticky Flame
  2758 | D:4      | Reached skill level 5 in Fire Magic
  2789 | D:4      | HP: 1/28 [poisoned by a worker ant]
  2790 | D:4      | Identified a potion of resistance
  2791 | D:4      | Succumbed to a worker ant's poison

Vanquished Creatures
  A scorpion (D:4)
  An orc priest (D:3)
  A hound (D:4)
  3 orc wizards
  A worker ant (D:4)
  An adder (D:2)
  An adder zombie (D:2)
  2 worms
  4 dart slugs
  A leopard gecko (D:1)
  13 orcs
  2 giant cockroaches (D:2)
  9 goblins
  6 hobgoblins
  3 jackals (D:2)
  8 kobolds
  6 quokkas
  11 bats
  7 frilled lizards
  4 rats
85 creatures vanquished.
